AoeStats
← zamithdaniel

Lombardia

507606024Analyzed
3v3 RM · 14d ago on Sep 19, 2026· 54m 44s· 6 players
Game mode
Random Map
Map size
Normal (6 player)
Population
200
Speed
Normal
Resources
Standard
Victory
Conquest
Starting age
Dark Age
Ending age
Imperial Age
RankedLock teamsTeams togetherTeam positionsShared explorationLock speedFull tech treeHidden civsTurbo modeCheats
Victory
Defeat
🇺🇸 Burgundians · United States
960
+13
🇺🇸 Byzantines · United States
908
+15
🇺🇸 Romans · United States
718
+23
🇨🇴 Turks · Colombia
944
-19
🇨🇴 Franks · Colombia
867
-16
🇨🇴 Byzantines · Colombia
853
-16
myaccnts117
10:40 Feudal Age
12:05 Man-at-Arms
13:23 Double-Bit Axe
18:02 Scale Mail Armor
18:14 Forging
30:25 Castle Age
31:47 Chain Mail Armor
32:08 Iron Casting
31:46 Scale Barding Armor
31:11 Long Swordsman
31:52 Squires
37:14 Chain Barding Armor
47:21 Imperial Age
49:32 Wheelbarrow
49:12 Bow Saw
51:02 Legionary
ImperatorX
6:52 Loom
10:22 Feudal Age
9:01 Double-Bit Axe
13:27 Scale Mail Armor
13:34 Fletching
14:03 Arson
19:40 Bow Saw
25:46 Forging
28:20 Castle Age
26:28 Scale Barding Armor
26:53 Horse Collar
31:35 Gold Mining
32:38 Cavalier
33:40 Chain Barding Armor
35:40 Husbandry
37:50 Wheelbarrow
40:09 Hand Cart
39:58 Heavy Plow
49:38 Light Cavalry
53:15 Two-Man Saw
Foul Sasquatch
6:30 Loom
10:41 Feudal Age
13:54 Double-Bit Axe
15:30 Horse Collar
16:57 Forging
16:40 Fletching
20:40 Wheelbarrow
21:24 Padded Archer Armor
25:00 Castle Age
25:14 Scale Barding Armor
27:07 Forging
28:03 Hand Cart
27:46 Gold Mining
31:17 Husbandry
32:45 Chain Barding Armor
32:52 Heavy Plow
35:53 Iron Casting
36:32 Bodkin Arrow
37:18 Scale Mail Armor
38:17 Pikeman
39:56 Fervor
42:19 Imperial Age
40:09 Squires
40:53 Bow Saw
40:46 Elite Skirmisher
41:52 Leather Archer Armor
41:52 Chain Mail Armor
42:53 Thumb Ring
44:47 Chemistry
44:08 Ballistics
46:15 Crop Rotation
46:08 Conscription
45:58 Bracer
46:28 Ring Archer Armor
46:37 Plate Barding Armor
46:31 Heavy Camel Rider
49:44 Ring Archer Armor
51:14 Logistica
53:57 Bombard Tower
53:19 Treadmill Crane
zamithdaniel
11:21 Feudal Age
13:17 Horse Collar
13:26 Double-Bit Axe
18:41 Castle Age
31:49 Scale Barding Armor
31:56 Forging
34:15 Chain Barding Armor
39:25 Scale Mail Armor
49:31 Crossbowman
50:57 Padded Archer Armor
50:49 Fletching
51:45 Gold Mining
53:13 Gold Shaft Mining
andres simijaca
7:19 Loom
11:20 Feudal Age
12:15 Double-Bit Axe
15:37 Wheelbarrow
14:45 Man-at-Arms
19:59 Forging
22:50 Gold Mining
28:41 Fletching
32:45 Castle Age
32:27 Stone Mining
34:00 Crossbowman
36:00 Thumb Ring
36:21 Hand Cart
36:56 Stone Shaft Mining
37:12 Bow Saw
37:18 Bodkin Arrow
39:13 Gold Shaft Mining
40:46 Horse Collar
44:54 Padded Archer Armor
edwinsy22
0:39 Loom
13:33 Feudal Age
22:25 Castle Age
21:18 Gold Mining
23:46 Wheelbarrow
26:52 Husbandry
27:11 Double-Bit Axe
30:45 Hand Cart
31:17 Bow Saw
32:51 Scale Barding Armor
47:39 Pikeman
48:19 Squires
48:18 Arson
49:12 Stone Mining
50:44 Gold Shaft Mining
52:21 Caravan
Connection lost

Rejoining the realm…

Still unreachable

The connection could not be restored.

Session expired

The server has moved on; the page needs a fresh start.